 Dungeon Crawl Stone Soup version 0.29.1-1-gd02db6906a (webtiles) character file.

Game seed: 12770574621574191972

230003 LustLizard the Fencer (level 18, -19/136 HPs)
             Began as a Demonspawn Fighter on Oct 4, 2022.
             Was the Champion of Okawaru.
             Demolished by an enormous slime creature (50 damage)
             ... on level 1 of the Vaults.
             The game lasted 02:04:07 (57578 turns).

LustLizard the Fencer (Demonspawn Fighter)         Turns: 57578, Time: 02:04:08

Health: -19/136    AC: 28    Str: 18    XL:     18   Next: 31%
Magic:  27/27      EV: 13    Int:  8    God:    Okawaru [******]
Gold:   2258       SH: 19    Dex: 25    Spells: 15/17 levels left

rFire   + + +      SeeInvis +   Z - +8 long sword of the Ancient Orbs {elec, rF+}
rCold   + . .      Faith    .   L - +1 kite shield of Valiance {rF+ rC++}
rNeg    . . .      Spirit   .   Q - +4 plate armour of Inference {rPois Dex+5}
rPois   +          Reflect  +   (helmet unavailable)
rElec   +          Harm     .   C - +0 cloak {Will+}
rCorr   .          Rampage  .   c - +3 Mad Mage's Maulers {Infuse+∞ RegenMP Int-3}
Will    ++++.                   W - +2 pair of boots {Stlth+}
Stlth   ..........              r - amulet of reflection
HPRegen 0.32/turn               a - ring of Nadoixur {Fire rElec Will+ Int-2}
MPRegen 0.60/turn               T - ring "Coifiane" {Contam rPois rF+ Will+ Int+4}

@: marked, hasted, very quick
A: antennae 3, ignite blood 1, powered by pain 3, sturdy frame 2
}: 2/15 runes: serpentine, barnacled
a: Renounce Religion, Heroism, Finesse, Duel


You were on level 1 of the Vaults.
You worshipped Okawaru.
Okawaru was exalted by your worship.
You visited 8 branches of the dungeon, and saw 33 of its levels.
You also visited: Sewer, Ossuary, Bailey and Gauntlet.

You collected 3567 gold pieces.
You spent 1309 gold pieces at shops.

Inventory:

Hand Weapons
 U - the +8 triple sword "Pephutu" {vorpal, Drain rPois Will++ Str+4}
   (You acquired it on level 10 of the Dungeon)

   It inflicts extra damage upon your enemies.
   Str:       It affects your strength (+4).
   rPois:     It protects you from poison.
   Drain:     It drains your maximum health when unequipped.
   Will:      It greatly increases your willpower.
 Y - a +7 scimitar of flaming
 Z - the +8 long sword of the Ancient Orbs (weapon) {elec, rF+}
   (Okawaru gifted it to you on level 3 of the Lair of Beasts)

   It occasionally discharges a powerful burst of electricity upon striking a
   foe.
   rF:        It protects you from fire.
Missiles
 d - 46 poisoned darts
 R - 9 throwing nets
Armour
 c - the +3 Mad Mage's Maulers (worn) {Infuse+∞ RegenMP Int-3}
   (Okawaru gifted it to you on level 4 of the Snake Pit)

   It empowers its wearer's blows with all of their magic.
   It causes its wearer's magical reserves to regenerate more quickly.
   Int:       It affects your intelligence (-3).
 o - the +5 ring mail of Grace {rPois Regen+ rCorr Dex+3}
   (You found it on level 2 of the Dungeon)

   Dex:       It affects your dexterity (+3).
   rPois:     It protects you from poison.
   Regen:     It increases your rate of health regeneration.
   rCorr:     It protects you from acid and corrosion.
 C - a +0 cloak of willpower (worn)
 L - the +1 kite shield of Valiance (worn) {rF+ rC++}
   (Okawaru gifted it to you on level 1 of the Elven Halls)

   rF:        It protects you from fire.
   rC:        It greatly protects you from cold.
 Q - the +4 plate armour of Inference (worn) {rPois Dex+5}
   (You took it off an orc warrior in a bailey)

   Dex:       It affects your dexterity (+5).
   rPois:     It protects you from poison.
 W - a +2 pair of boots of stealth (worn)
Jewellery
 a - the ring of Nadoixur (left hand) {Fire rElec Will+ Int-2}
   (You acquired it on level 3 of the Lair of Beasts)

   [ring of fire]

   It enhances your fire magic.
   Int:       It affects your intelligence (-2).
   rF:        It protects you from fire.
   rC:        It makes you vulnerable to cold.
   rElec:     It insulates you from electricity.
   Will:      It increases your willpower.
 b - a ring of protection from fire
 r - an amulet of reflection (around neck)
 u - a +6 ring of intelligence
 x - a +4 ring of slaying
 E - a ring of flight
 K - a ring of see invisible
 S - a ring of protection from cold
 T - the ring "Coifiane" (right hand) {Contam rPois rF+ Will+ Int+4}
   (You acquired it on level 8 of the Dungeon)

   [ring of protection from fire]

   Int:       It affects your intelligence (+4).
   rF:        It protects you from fire.
   rPois:     It protects you from poison.
   Contam:    It causes magical contamination when unequipped.
   Will:      It increases your willpower.
Wands
 f - a wand of polymorph (4)
 h - a wand of flame (57)
 D - a wand of paralysis (48)
 G - a wand of digging (14)
 I - a wand of light (11)
 O - a wand of roots (41)
 V - a wand of mindburst (22) (quivered)
Scrolls
 g - 4 scrolls of poison
 j - 15 scrolls of teleportation
 m - 3 scrolls of fog
 w - 2 scrolls of immolation
 y - 2 scrolls of enchant weapon
 B - a scroll of torment
 F - 5 scrolls of magic mapping
 H - 8 scrolls of vulnerability
 J - a scroll of fear
 M - 5 scrolls of silence
 N - 4 scrolls of blinking
 P - 6 scrolls of amnesia
Potions
 e - a potion of magic
 i - 5 potions of mutation
 k - 6 potions of haste
 l - 4 potions of curing
 n - a potion of ambrosia
 p - 12 potions of flight
 q - 5 potions of cancellation
 s - 2 potions of invisibility
 v - a potion of berserk rage
 z - 4 potions of brilliance
 A - 5 potions of might
 X - 2 potions of resistance
Miscellaneous
 t - a lightning rod (4/4)


   Skills:
 + Level 10.6 Fighting
 - Level 20.2 Long Blades
 + Level 11.4 Armour
 + Level 9.8 Dodging
 * Level 9.1 Shields
 * Level 4.4 Translocations
 + Level 12.7 Invocations
 * Level 11.9 Evocations


You had 15 spell levels left.
You knew the following spells:

 Your Spells              Type           Power      Damage    Failure   Level
a - Blink                 Tloc           14%        N/A       83%         2

Your spell library contained the following spells:

 Spells                   Type           Power      Damage    Failure   Level
 Apportation              Tloc           14%        N/A       69%         1
 Gell's Gravitas          Tloc           7%         N/A       96%         3
 Lesser Beckoning         Tloc           7%         N/A       96%         3
 Teleport Other           Tloc           7%         N/A       96%         3
 Foxfire                  Conj/Fire      0%         2x1d4     99%         1
 Magic Dart               Conj           0%         1d3       99%         1
 Necrotise                Necr           0%         1d4       99%         1
 Sandblast                Erth           0%         2d4       99%         1
 Ensorcelled Hibernation  Hex/Ice        0%         N/A       100%        2
 Passwall                 Tmut/Erth      0%         N/A       100%        2
 Searing Ray              Conj           0%         2d4       100%        2
 Static Discharge         Conj/Air       0%         3-3/arc   100%        2
 Conjure Flame            Conj/Fire      0%         6-21      100%        3
 Dazzling Flash           Conj/Hex       0%         N/A       100%        3
 Ignite Poison            Fire/Tmut/Pois 0%         N/A       100%        3
 Inner Flame              Hex/Fire       0%         N/A       100%        3
 Mephitic Cloud           Conj/Pois/Air  0%         N/A       100%        3
 Portal Projectile        Hex/Tloc       6%         N/A       100%        3
 Spider Form              Tmut/Pois      0%         N/A       100%        3
 Stone Arrow              Conj/Erth      0%         3d7       100%        3
 Swiftness                Air            0%         N/A       100%        3
 Anguish                  Hex/Necr       0%         N/A       100%        4
 Cause Fear               Hex            0%         N/A       100%        4
 Corpse Rot               Necr/Pois/Air  0%         N/A       100%        4
 Dispel Undead            Necr           0%         3d6       100%        4
 Flame Wave               Conj/Fire      0%         2d4       100%        4
 Fulminant Prism          Conj/Hex       0%         3d6       100%        4
 Passage of Golubria      Tloc           7%         N/A       100%        4
 Sticky Flame             Conj/Fire      0%         2d3       100%        4
 Agony                    Necr           0%         N/A       100%        5
 Blade Hands              Tmut           0%         N/A       100%        5
 Freezing Cloud           Conj/Ice/Air   0%         6-21      100%        5
 Manifold Assault         Tloc           7%         N/A       100%        5
 Silence                  Hex/Air        0%         N/A       100%        5
 Yara's Violent Unravell  Hex/Tmut       0%         3d3       100%        5
 Dragon Form              Tmut           0%         N/A       100%        7
 Summon Small Mammal      Summ           Unusable   N/A       N/A         1
 Call Imp                 Summ           Unusable   N/A       N/A         2
 Tukima's Dance           Hex            Unusable   N/A       N/A         3
 Death Channel            Necr           Unusable   N/A       N/A         6
 Dragon's Call            Summ           Unusable   N/A       N/A         9

Dungeon Overview and Level Annotations

Branches:
Dungeon (15/15)            Temple (1/1) D:7            Lair (5/5) D:10
 Shoals (4/4) Lair:3        Snake (4/4) Lair:3        Slime (0/5) Lair:5
    Orc (2/2) D:10            Elf (1/3) Orc:2        Vaults (1/5) D:14
 Depths (0/4) D:15          Sewer (visited)         Ossuary (visited)
 Bailey (visited)         Gauntlet (visited)

Altars:
Ashenzari
Cheibriados
Dithmenos
Fedhas
Gozag
Hepliaklqana
Kikubaaqudgha
Makhleb
Nemelex Xobeh
Okawaru
Qazlal
Ru
Sif Muna
Trog
Uskayaw
Vehumet
Wu Jian
Xom
Yredelemnul
Jiyva

Shops:
D:5 *   D:7 [   D:9 !   D:14 *   Orc:2 (*:[   Shoals:4 *   Snake:1 [=:=
Snake:4 [   Vaults:1 [

Annotations:
D:6 Pikel
Snake:2 exclusion: downstairs
Vaults:1 36 runed doors


Innate Abilities, Weirdness & Mutations

You have a pair of large antennae on your head. (SInv)
Your demonic aura sometimes causes spilled blood to erupt in flames.
You are powered by pain.
Your movements are less encumbered by armour. (ER -4)


Message History

Two slime creatures merge to form an enormous slime creature.
You slice the slime creature!!
Lightning courses through the slime creature!
The slime creature is heavily wounded.
Two slime creatures merge to form a large slime creature.
You block the slime creature's attack.
You slash the slime creature!
The slime creature is heavily wounded.
A slime creature comes into view.
You block the slime creature's attack.
You slice the slime creature!!
The slime creature is almost dead.
You slash the slime creature!
You kill the slime creature!
Okawaru accepts your kill.
A large slime creature splits.
A deep troll comes into view.
Two slime creatures merge to form a large slime creature.
You see here a scroll of enchant weapon.
y - 2 scrolls of enchant weapon (gained 1)
The enormous slime creature attacks as you move away!
You block the enormous slime creature's attack.
The enormous slime creature attacks as you move away!
The enormous slime creature barely misses you.
The enormous slime creature attacks as you move away!
The enormous slime creature hits you but does no damage.
There is an open door here.
The enormous slime creature attacks as you move away!
The enormous slime creature closely misses you.
The enormous slime creature attacks as you move away!
The enormous slime creature hits you!!!
You focus on the pain.
You feel your power returning.
The enormous slime creature is engulfed in blazing flames.
The enormous slime creature attacks as you move away!
The enormous slime creature hits you!!!
* * * LOW HITPOINT WARNING * * *
The enormous slime creature is engulfed in blazing flames.
The slime creature is engulfed in blazing flames.
You feel yourself speed up. The enormous slime creature hits you!!!
You die...

#.....J.# #.......# #.....{{#
#.......# #.....{{# #.......#
#.......# #....[..# #.......#
#....∩..# ############'##
#)[.)...#
.....####...°°############'##+###
.....##..#####JJ##......)[.)....#
.....'.#########@#.......)......+
..∩..#...........'..++++++++++..#
.....#†#########.'.[+ +..#
.....##).#####†÷##..+ +..#
#########.....####..+


{{{{ +..# #######'##### #..+ {{{{ +..# #...........# #..+ {{{{ +..#
#.....#..[..# #..+ {{{{ +..# #.....#[....# #..+ +..# You could see an enormous
slime creature and a slime creature.

Vanquished Creatures
  Mara (Snake:4)
  Donald (Snake:4)
  5 nagarajas
  Aizul (Snake:4)
  A vault warden (Vaults:1)
  An orc warlord (Orc:1)
  An emperor scorpion (D:15)
  2 ironbound preservers
  3 ironbound thunderhulks
  2 very ugly things (Vaults:1)
  A stone giant (D:14)
  An entropy weaver (Vaults:1)
  4 dire elephants
  3 merfolk javelineers
  A green death (Gauntlet)
  2 ettins
  A great orb of eyes (Vaults:1)
  11 merfolk impalers
  A rakshasa (D:15)
  A yaktaur captain (Vaults:1)
  7 hydras
  6 salamander tyrants
  Harold (D:9)
  An ironbound frostheart (Vaults:1)
  Erica (D:9)
  A satyr (Shoals:4)
  3 alligator snapping turtles (Shoals:4)
  3 anacondas
  6 centaur warriors
  4 catoblepae
  4 boulder beetles
  3 merfolk aquamancers
  A two-headed ogre (D:11)
  16 naga warriors
  A dancing weapon (Elf:1)
  7 death yaks
  3 orc high priests (Orc:2)
  7 shock serpents
  4 sun demons
  A deep elf knight (Orc:2)
  8 naga sharpshooters
  5 salamander mystics (Snake:4)
  3 naga ritualists
  5 deep trolls
  A kraken simulacrum (Shoals:4)
  7 sea snakes
  3 lindwurms
  An ironbound convoker (Vaults:1)
  6 mana vipers
  A phantasmal warrior (Vaults:1)
  14 harpies
  A deep elf zephyrmancer (Elf:1)
  5 orc knights
  A wolf spider (Lair:5)
  9 ugly things
  4 deep elf pyromancers
  17 salamanders
  2 fauns
  4 cyclopes
  3 orc sorcerers
  12 manticores
  A moth of wrath (shapeshifter) (D:13)
  A guardian serpent (Lair:5)
  18 elephants
  4 vault sentinels
  12 naga magi
  An eye of devastation (Gauntlet)
  Joseph (D:9)
  A guardian serpent (shapeshifter) (D:15)
  An orange demon (Gauntlet)
  A smoke demon (Gauntlet)
  2 torpor snails (Lair:5)
  10 water nymphs
  29 black mambas
  Psyche (D:11)
  A kobold demonologist (D:12)
  17 cane toads
  Maggie (D:6)
  10 komodo dragons
  An unseen horror (D:11)
  A rime drake (Lair:3)
  A tengu conjurer (D:13)
  An efreet (D:14)
  A red devil (Gauntlet)
  10 trolls
  20 merfolk
  6 hornets
  3 meliai (D:13)
  3 polar bears
  18 blink frogs
  3 wind drakes
  12 slime creatures
  6 snapping turtles
  3 dream sheep (Shoals:3)
  2 wraiths (D:10)
  2 vampires
  13 wyverns
  45 yaks
  6 basilisks
  5 water elementals
  Grum (D:8)
  A golden eye (Gauntlet)
  3 redbacks
  2 steam dragons
  11 vampire mosquitoes
  Menkaure (D:4)
  Edmund (D:5)
  55 nagas
  8 wargs
  An acid dragon (D:11)
  2 hell hounds (Lair:3)
  42 water moccasins
  A floating eye (Gauntlet)
  43 orc warriors
  2 ice beasts
  A sky beast (D:8)
  2 black bears
  7 ogres
  8 wolves
  18 centaurs
  4 lemures (D:6)
  2 phantoms
  Blork the orc (D:6)
  13 bullfrogs
  2 gnoll sergeants
  3 necrophages
  A scorpion (D:6)
  7 wights (D:8)
  11 killer bees
  7 electric eels
  6 howler monkeys
  2 crimson imps (Gauntlet)
  13 orc priests
  2 hounds
  A jelly (D:6)
  4 iguanas
  25 orc wizards
  2 merfolk avatars
  12 merfolk sirens
  9 mummies
  7 gnolls
  37 adders
  4 river rats
  3 ufetubi
  7 worms
  2 dart slugs
  75 orcs
  7 endoplasms
  5 giant cockroaches
  2 gnoll zombies (Ossuary)
  11 goblins
  11 hobgoblins
  2 jackals (D:4)
  5 kobolds
  12 quokkas
  11 ball pythons
  4 bats
  A frilled lizard (Sewer)
  2 hobgoblin zombies
  2 kobold zombies (Ossuary)
  4 orc zombies
  45 rats
  A tentacle (Shoals:4)
1107 creatures vanquished.

Vanquished Creatures (others)
  A naga (Snake:4)
  A hobgoblin (Bailey)
  59 fungi
  100 plants
  2 tentacles (Shoals:4)
  7 toadstools (Lair:3)
170 creatures vanquished.

Grand Total: 1277 creatures vanquished

Notes
Turn   | Place    | Note
-------+----------+-------------------------------------------
     0 | D:1      | LustLizard the Demonspawn Fighter began the quest for the
                  | Orb.
     0 | D:1      | Reached XP level 1. HP: 18/18 MP: 1/1
    50 | D:1      | Reached skill level 2 in Long Blades
   307 | D:1      | Gained mutation: You sometimes gain a little power by
                  | taking damage. [demonic ancestry]
   307 | D:1      | Reached XP level 2. HP: 11/24 MP: 2/2
   582 | D:1      | Found a faded altar of an unknown god.
  1164 | D:1      | Reached XP level 3. HP: 29/29 MP: 3/3
  1856 | D:2      | Identified the +5 ring mail of Grace {rPois Regen+ rCorr
                  | Dex+3}
  2400 | D:3      | Gained mutation: You sometimes gain power by taking damage.
                  | [demonic ancestry]
  2400 | D:3      | Reached XP level 4. HP: 35/35 MP: 4/4
  2609 | D:3      | Reached skill level 3 in Long Blades
  3033 | D:4      | Noticed an ice beast
  3058 | D:3      | Killed an ice beast
  3059 | D:3      | Reached XP level 5. HP: 42/42 MP: 5/5
  3111 | D:4      | Noticed a black bear
  3126 | D:4      | Killed a black bear
  3127 | D:4      | Reached skill level 4 in Long Blades
  3127 | D:4      | Gained mutation: You have a pair of small antennae on your
                  | head. [demonic ancestry]
  3127 | D:4      | Reached XP level 6. HP: 48/48 MP: 6/6
  3194 | D:4      | Found a glowing drain.
  3202 | Sewer    | Entered a sewer
  3649 | D:4      | Reached XP level 7. HP: 55/55 MP: 7/7
  3718 | D:4      | Identified the +8 short sword of the Lonely Orbs {pain,
                  | rCorr}
  3891 | D:4      | Noticed Menkaure
  3898 | D:4      | Killed Menkaure
  3899 | D:4      | Reached skill level 5 in Long Blades
  4231 | D:5      | Entered Level 5 of the Dungeon
  4261 | D:5      | Reached skill level 5 in Fighting
  4302 | D:5      | Reached XP level 8. HP: 60/62 MP: 6/8
  4396 | D:5      | Noticed Edmund
  4418 | D:5      | Killed Edmund
  4419 | D:5      | Reached skill level 6 in Long Blades
  4432 | D:5      | Reached skill level 5 in Armour
  4432 | D:5      | Reached skill level 5 in Shields
  4443 | D:5      | Noticed a +0 hand axe
  4444 | D:5      | Noticed a +0 hand axe
  4448 | D:5      | Found a hide-covered altar of Uskayaw.
  4490 | D:5      | Found Xuxeisk's General Store.
  4782 | D:5      | Found a stormy altar of Qazlal.
  4925 | D:6      | Noticed Maggie
  4938 | D:6      | Killed Maggie
  5012 | D:6      | Reached skill level 7 in Long Blades
  5032 | D:6      | Gained mutation: Your movements are slightly less
                  | encumbered by armour. (ER -2) [demonic ancestry]
  5032 | D:6      | Reached XP level 9. HP: 67/69 MP: 9/9
  5184 | D:6      | Noticed Blork the orc
  5253 | D:6      | Killed Blork the orc
  5577 | D:6      | Noticed Pikel
  5826 | D:6      | Found a sacrificial altar of Ru.
  5947 | D:7      | Found a staircase to the Ecumenical Temple.
  5957 | D:7      | Paralysed by a hornet for 1 turns
  5964 | Temple   | Entered the Ecumenical Temple
  5981 | Temple   | Became a worshipper of Warmaster Okawaru
  6007 | D:7      | Found a sand-covered staircase.
  6014 | Ossuary  | Entered an ossuary
  6309 | D:7      | Identified the +6 mace "Adwuroz" {vorpal, Fragile rF+++
                  | Dex-5 SInv}
  6460 | D:7      | Reached skill level 8 in Long Blades
  6680 | D:7      | Found Plog's Armour Shop.
  6871 | D:7      | Reached * piety under Okawaru
  7254 | D:8      | Noticed Grum
  7267 | D:8      | Killed Grum
  7305 | D:8      | Reached skill level 9 in Long Blades
  7336 | D:8      | Gained mutation: You have a pair of antennae on your head.
                  | [demonic ancestry]
  7336 | D:8      | Reached XP level 10. HP: 76/79 MP: 8/10
  7366 | D:8      | Found a flagged portal.
  7396 | Bailey   | Entered a bailey
  7480 | Bailey   | Reached ** piety under Okawaru
  7512 | Bailey   | Found an iron altar of Okawaru.
  7513 | Bailey   | Identified the +4 plate armour of Inference {rPois Dex+5}
  7514 | Bailey   | Noticed an orc sorcerer
  7515 | Bailey   | Noticed an orc sorcerer
  7562 | Bailey   | Paralysed by an orc sorcerer for 4 turns
  7564 | Bailey   | Noticed a soul eater
  7911 | Bailey   | Killed an orc sorcerer
  7911 | Bailey   | Paralysed by an orc sorcerer for 5 turns
  7922 | Bailey   | Killed an orc sorcerer
  8054 | Bailey   | Reached skill level 10 in Long Blades
  9753 | D:8      | Reached *** piety under Okawaru
  9989 | D:8      | Acquired the ring "Coifiane" {Contam rPois rF+ Will+ Int+4}
  9993 | D:8      | Acquired the +1 great sword of the Cursing Gods {spect, rN+
                  | Will+ Str+4 Int+2}
 10040 | D:9      | Noticed Harold
 10317 | D:9      | Reached skill level 1 in Invocations
 10324 | D:9      | Reached skill level 1 in Evocations
 10602 | D:9      | Noticed Erica
 10608 | D:9      | Killed Erica
 10609 | D:9      | Reached skill level 11 in Long Blades
 10894 | D:9      | Noticed Joseph
 10929 | D:8      | Reached **** piety under Okawaru
 10930 | D:8      | Gained mutation: Your movements are less encumbered by
                  | armour. (ER -4) [demonic ancestry]
 10930 | D:8      | Reached XP level 11. HP: 68/87 MP: 11/13
 11022 | D:9      | Killed Joseph
 11224 | D:9      | Found Maasm's Distillery.
 11285 | D:9      | Noticed an angel
 11464 | D:9      | Killed Harold
 11587 | D:10     | Entered Level 10 of the Dungeon
 11612 | D:10     | Found a shimmering blue altar of Sif Muna.
 11711 | D:10     | Acquired the +8 triple sword "Pephutu" {vorpal, Drain rPois
                  | Will++ Str+4}
 11954 | D:10     | Found a staircase to the Orcish Mines.
 12033 | D:10     | Reached ***** piety under Okawaru
 12538 | D:10     | Found a staircase to the Lair.
 12556 | D:10     | Reached skill level 5 in Invocations
 13080 | D:10     | Reached skill level 12 in Long Blades
 13509 | Lair:1   | Entered Level 1 of the Lair of Beasts
 13658 | Lair:1   | Received a gift from Okawaru
 13930 | Lair:1   | Reached skill level 5 in Evocations
 14460 | Lair:1   | Found a snail-covered altar of Cheibriados.
 15029 | Lair:2   | Gained mutation: Your demonic aura sometimes causes spilled
                  | blood to erupt in flames. [demonic ancestry]
 15029 | Lair:2   | Reached XP level 12. HP: 82/94 MP: 14/17
 15051 | Lair:2   | Received a gift from Okawaru
 15052 | Lair:2   | Reached skill level 13 in Long Blades
 15196 | Lair:2   | Noticed a boulder beetle
 15205 | Lair:2   | Killed a boulder beetle
 16090 | Lair:3   | Found a staircase to the Shoals.
 16139 | Lair:3   | Noticed an eight-headed hydra
 16453 | Lair:3   | Found a staircase to the Snake Pit.
 16499 | Lair:3   | Noticed a death yak
 16499 | Lair:3   | Noticed a death yak
 16508 | Lair:3   | Killed a death yak
 16511 | Lair:3   | Killed a death yak
 16512 | Lair:3   | Reached skill level 14 in Long Blades
 16716 | Lair:3   | Reached ****** piety under Okawaru
 16723 | Lair:3   | Identified the +8 long sword of the Ancient Orbs {elec,
                  | rF+} (Okawaru gifted it to you on level 3 of the Lair of
                  | Beasts)
 16723 | Lair:3   | Received a gift from Okawaru
 16795 | Lair:3   | Noticed a four-headed hydra
 16804 | Lair:3   | Killed a one-headed hydra
 17587 | Lair:3   | Reached skill level 10 in Invocations
 17633 | Lair:3   | Killed a six-headed hydra
 17641 | Lair:3   | Reached XP level 13. HP: 44/96 MP: 14/20
 17998 | Lair:3   | Found a runed translucent door.
 18772 | Lair:4   | Received a gift from Okawaru
 18773 | Lair:4   | Reached skill level 15 in Long Blades
 19825 | Lair:5   | Entered Level 5 of the Lair of Beasts
 20294 | Lair:5   | Reached skill level 16 in Long Blades
 20391 | Lair:5   | Found a staircase to the Slime Pits.
 20391 | Lair:5   | Found a viscous altar of Jiyva.
 20731 | Lair:5   | Reached skill level 1 in Dodging
 21080 | Lair:5   | Received a gift from Okawaru
 21592 | Lair:5   | Reached skill level 17 in Long Blades
 21667 | Lair:5   | Gained mutation: You are powered by pain. [demonic
                  | ancestry]
 21667 | Lair:5   | Reached XP level 14. HP: 106/106 MP: 19/21
 23327 | D:11     | Found a gate leading to a gauntlet.
 23337 | Gauntlet | Entered a Gauntlet
 23337 | Gauntlet | Found a transporter.
 23337 | Gauntlet | Found a transporter.
 23339 | Gauntlet | Found a transporter.
 23339 | Gauntlet | Found a transporter.
 23342 | Gauntlet | Found a transporter.
 23361 | Gauntlet | Found a transporter.
 23363 | Gauntlet | Found a transporter.
 23409 | Gauntlet | Found a transporter.
 23409 | Gauntlet | Found a transporter.
 23412 | Gauntlet | Found a transporter.
 23434 | Gauntlet | Found a transporter.
 23441 | Gauntlet | Found a transporter.
 23448 | Gauntlet | Noticed a reaper
 23450 | Gauntlet | Found a runed translucent door.
 23451 | Gauntlet | Found a transporter.
 23452 | Gauntlet | Found a runed translucent door.
 23466 | Gauntlet | Found a transporter.
 23731 | Gauntlet | Reached skill level 5 in Dodging
 24020 | Gauntlet | Identified the +6 war axe of the Imbibing Coward {freeze,
                  | MP+9 Int+4}
 24020 | Gauntlet | Identified the ring of Rusukle {rPois Will+ SInv}
 24061 | Gauntlet | Identified the +0 ring mail of Dim Light {-Cast rElec Will-
                  | Dex+8}
 24541 | D:11     | Noticed Psyche
 24548 | D:11     | Killed Psyche
 24928 | D:11     | Received a gift from Okawaru
 26844 | D:13     | Received a gift from Okawaru
 27287 | D:13     | Reached skill level 18 in Long Blades
 28037 | D:14     | Found a gate to the Vaults.
 28070 | D:14     | Found Noneh's Changing Room.
 28397 | D:14     | Reached XP level 15. HP: 89/112 MP: 15/22
 28947 | Orc:1    | Entered Level 1 of the Orcish Mines
 29040 | Orc:1    | Found a runed translucent door.
 29642 | Orc:2    | Entered Level 2 of the Orcish Mines
 29643 | Orc:2    | Noticed an orc warlord
 29754 | Orc:1    | Killed an orc warlord
 29846 | Orc:2    | Found Kosocsev's Antique Armour Shop.
 30455 | Orc:2    | Found a staircase to the Elven Halls.
 30686 | Orc:2    | Found Eplakiacw's General Store.
 30715 | Orc:2    | Received a gift from Okawaru
 30724 | Orc:2    | Bought a scroll of identify for 20 gold pieces
 30808 | Orc:2    | Found Teclaosoh's Book Shoppe.
 31169 | Orc:2    | Found Poikker's Antique Weapon Boutique.
 31650 | D:15     | Entered Level 15 of the Dungeon
 32660 | D:15     | Found a staircase to the Depths.
 32661 | D:15     | Noticed an emperor scorpion
 32682 | D:15     | Killed an emperor scorpion
 32683 | D:15     | Reached skill level 19 in Long Blades
 33065 | D:9      | Bought a potion of berserk rage for 75 gold pieces
 33065 | D:9      | Bought a potion of curing for 45 gold pieces
 33065 | D:9      | Bought a potion of curing for 45 gold pieces
 33065 | D:9      | Bought a potion of heal wounds for 75 gold pieces
 33167 | Orc:2    | Bought a pair of runed boots for 172 gold pieces
 33181 | Orc:2    | Bought a glowing cloak for 172 gold pieces
 33184 | Orc:2    | Acquired the ring of Nadoixur {Fire rElec Will+ Int-2}
 33350 | Shoals:1 | Entered Level 1 of the Shoals
 34022 | Lair:3   | Received a gift from Okawaru
 35961 | Shoals:2 | Found the +4 dagger "Morg" {pain, Will+ Int+5}
 37632 | Shoals:2 | Reached XP level 16. HP: 96/118 MP: 11/23
 37891 | Shoals:2 | Reached skill level 10 in Armour
 39163 | Shoals:3 | Received a gift from Okawaru
 40219 | Shoals:4 | Entered Level 4 of the Shoals
 40610 | Shoals:4 | Reached skill level 20 in Long Blades
 42139 | Shoals:4 | Found Deont's Assorted Antiques.
 42189 | Shoals:4 | Identified the +1 robe of Rarac {rElec Will+ Str+3}
 42260 | Shoals:4 | Identified the +6 long sword "Zaopub" {freeze, +Blink rPois
                  | rCorr Dex-2} (Okawaru gifted it to you on level 4 of the
                  | Shoals)
 42260 | Shoals:4 | Received a gift from Okawaru
 42760 | Shoals:4 | Got a barnacled rune of Zot
 42895 | Shoals:4 | HP: 4/120 [water nymph/the raging water (20)]
 44184 | Shoals:4 | Found the +3 Elemental Staff {rElec rF++ rC++ AC+5}
 44593 | Elf:1    | Entered Level 1 of the Elven Halls
 44727 | Elf:1    | Identified the +1 kite shield of Valiance {rF+ rC++}
                  | (Okawaru gifted it to you on level 1 of the Elven Halls)
 44727 | Elf:1    | Received a gift from Okawaru
 45167 | Snake:1  | Entered Level 1 of the Snake Pit
 46124 | Lair:3   | Identified the +4 dagger of the Chickpea {vorpal, Int+3}
 46911 | Snake:1  | Found Walas's Antique Armour Boutique.
 46916 | Snake:1  | Bought a pair of spiked boots for 285 gold pieces
 46916 | Snake:1  | Identified the +2 pair of boots of Qaytag {Harm Will- rCorr
                  | Int+9} (You bought it in a shop on level 1 of the Snake
                  | Pit)
 46959 | Snake:1  | Found Pocweetic's Jewellery Shop.
 46960 | Snake:1  | Found Suluongu's Book Emporium.
 46961 | Snake:1  | Found Pas Ecitimm's Jewellery Shop.
 46967 | Snake:1  | Bought an amulet of reflection for 420 gold pieces
 48400 | Snake:2  | Reached skill level 10 in Evocations
 48400 | Snake:2  | Gained mutation: You have a pair of large antennae on your
                  | head. (SInv) [demonic ancestry]
 48400 | Snake:2  | Reached XP level 17. HP: 111/126 MP: 20/25
 49740 | Snake:3  | Received a gift from Okawaru
 50235 | Snake:3  | Identified the +9 rapier of Peojumiz {vorpal, Drain Str+4
                  | Int+3 Dex+2}
 50393 | Snake:4  | Entered Level 4 of the Snake Pit
 50393 | Snake:4  | Noticed Mara
 50408 | Snake:4  | Killed Mara
 51549 | Snake:4  | Noticed Aizul
 51567 | Snake:4  | Killed Aizul
 51876 | Snake:4  | Reached skill level 10 in Fighting
 52019 | Snake:4  | Found Byprycua's Antique Armour Boutique.
 52071 | Snake:4  | Learned a level 2 spell: Blink
 52682 | Snake:4  | Received a gift from Okawaru
 52756 | Snake:4  | Reached skill level 1 in Translocations
 53317 | Snake:4  | Received a gift from Okawaru
 53318 | Snake:4  | Found the +3 Mad Mage's Maulers {Infuse+∞ RegenMP Int-3}
 53839 | Snake:4  | Noticed Donald
 53923 | Snake:4  | Killed Donald
 55183 | Snake:4  | Identified the +7 chain mail "Ahetosho" {Contam rC- Dex+8
                  | Slay+5}
 55220 | Snake:4  | Got a serpentine rune of Zot
 55602 | Vaults:1 | Entered Level 1 of the Vaults
 55613 | Vaults:1 | Reached XP level 18. HP: 116/136 MP: 0/27
 55678 | Vaults:1 | Found a huge runed gate.
 55678 | Vaults:1 | Found a huge runed gate.
 55678 | Vaults:1 | Found a huge runed gate.
 55678 | Vaults:1 | Found a huge runed gate.
 55679 | Vaults:1 | Found a huge runed gate.
 55679 | Vaults:1 | Found a huge runed gate.
 55679 | Vaults:1 | Found a huge runed gate.
 55679 | Vaults:1 | Found a huge runed gate.
 55691 | Vaults:1 | Found a huge runed gate.
 55691 | Vaults:1 | Found a huge runed gate.
 55691 | Vaults:1 | Found a huge runed gate.
 55691 | Vaults:1 | Found a huge runed gate.
 55691 | Vaults:1 | Found a huge runed gate.
 55692 | Vaults:1 | Found a huge runed gate.
 56024 | Vaults:1 | Identified the +1 robe "Rutelon" {Stlth+ Archmagi}
 56039 | Vaults:1 | Found a huge runed gate.
 56040 | Vaults:1 | Found a huge runed gate.
 56041 | Vaults:1 | Found a huge runed gate.
 56049 | Vaults:1 | Found a huge runed gate.
 56049 | Vaults:1 | Found a huge runed gate.
 56049 | Vaults:1 | Found a huge runed gate.
 56049 | Vaults:1 | Found a huge runed gate.
 56049 | Vaults:1 | Found a huge runed gate.
 56049 | Vaults:1 | Found a huge runed gate.
 56050 | Vaults:1 | Found a huge runed gate.
 56051 | Vaults:1 | Found a huge runed gate.
 56052 | Vaults:1 | Found a huge runed gate.
 56115 | Vaults:1 | Found a huge runed gate.
 56115 | Vaults:1 | Found a huge runed gate.
 56115 | Vaults:1 | Found a huge runed gate.
 56115 | Vaults:1 | Found a huge runed gate.
 56115 | Vaults:1 | Found a huge runed gate.
 56116 | Vaults:1 | Found a huge runed gate.
 56117 | Vaults:1 | Found a huge runed gate.
 56118 | Vaults:1 | Found a huge runed gate.
 56119 | Vaults:1 | Found a huge runed gate.
 56127 | Vaults:1 | Found a huge runed gate.
 57406 | Vaults:1 | Received a gift from Okawaru
 57545 | Vaults:1 | Found Ytziuh's Armour Boutique.
 57578 | Vaults:1 | Demolished by an enormous slime creature

Illustrated notes

Levels and vault maps discovered:
D:1:      mrwooster_arrival_statue_3, layout_loops_ring,
          shapermc_ecumenical_altar_acropolis, minmay_bisected
D:2:      layout_loops_ring
D:3:      layout_basic, minmay_rat_hole
D:4:      layout_basic, lightli_sewer_entry_pipes, uniq_menkaure
D:5:      layout_rooms, dancing_weapons_uskayaw, lemuel_coloured_pillars_altar,
          serial_shops, kennysheep_mini, uniq_edmund
D:6:      minmay_chambers_of_fours, layout_basic,
          amethyst_overflow_temple_binary, serial_glass, glass_columns_b,
          glass_columns_a, uniq_pikel, uniq_maggie, uniq_blork_the_orc
D:7:      layout_basic, minmay_temple_entry_glass, serial_aquarium,
          aquarium_bridge_straight [aquarium_subvault_bridge,
          aquarium_subvault_wall, aquarium_subvault_bridge,
          aquarium_subvault_wall], aquarium_window_corridor_2,
          aquarium_window_fake, aquarium_view_2e, aquarium_view_2a,
          aquarium_balcony_1b, aquarium_pool_2, nicolae_ossuary_entry_giza,
          nicolae_take_the_stairs, kennysheep_small_spiral
D:8:      minmay_goldmine, layout_basic, enter_bailey_3, dk_noncrumbling_3,
          nicolae_benzene_ring, uniq_grum
D:9:      layout_roguey, zin_angel, serial_shops, shop, uniq_joseph,
          uniq_harold, uniq_erica
D:10:     layout_stronghold, lemuel_crystal_altar, erik_lair_orcish_takeover,
          david_orc_1_choice
D:11:     lemuel_reptile_caves, layout_basic, gauntlet_entry_generic,
          uniq_psyche
D:12:     layout_irregular_city
D:13:     layout_basic
D:14:     nicolae_BIG_FREAKIN_CUBE, layout_basic, nicolae_transmutations_shop
D:15:     hangedman_depths_entry_try_elsewhere_first, layout_irregular_city,
          minmay_misc_feat_ornament
Temple:   lightli_temple_of_artemis
Lair:1:   layout_misc_corridors, basic_altar, grunt_megastairs_3,
          lemuel_fruit_fields
Lair:2:   layout_hall_layers, minmay_holes, lemuel_fruit_fields
Lair:3:   gammafunk_lair_enchanted_lake, layout_long_grid,
          minmay_shoals_entry_centaurs, guppyfry_snake_entry_island,
          enter_volcano_3
Lair:4:   layout_regular_city, hibernation_bobbens
Lair:5:   hangedman_lair_tendril_chambers, layout_cave_pods, slime_entry_1,
          kennysheep_basilisk_garden
Shoals:1: layout_shoals, nicolae_shoals_sun_and_surf
Shoals:2: layout_shoals
Shoals:3: layout_shoals
Shoals:4: shoals_end_grunt_ice, layout_shoals, serial_shops, nicolae_shop_trees
Snake:1:  layout_gridlike, serial_shops, nicolae_shop_hallway_stairs,
          lemuel_fruit_tree, nicolae_integral_box, minmay_shop_grove
Snake:2:  layout_grid_maze
Snake:3:  layout_misc_corridors, grunt_megastairs_5
Snake:4:  minmay_snake_end_coiled, layout_concentric_octagons, serial_shops,
          nicolae_diamond_shop, uniq_aizul, uniq_mara, uniq_donald
Orc:1:    layout_diamond_mine, lightli_church_of_beogh
Orc:2:    grunt_orc_gardens, layout_caves, grunt_orc_garden, grunt_orc_garden,
          grunt_orc_garden, grunt_orc_garden, basic_altar,
          nicolae_orc_bridge_out
Elf:1:    layout_geoelf_octagon, minmay_elf_sorcery, hangedman_elven_ridges,
          small_statue_intersection, hangedman_elf_represent
Vaults:1: nicolae_vaults_little_squares_4, ontoclasm_vaults_spin, v_misc_1,
          vaults_room_door_hall, vaults_room_hallway, nicolae_vaults_gold_heap,
          nicolae_vaults_theta, v_misc_24, not_door_vault_mu,
          minmay_guarded_unrand_guard_vaults, dpeg_vaults_monster_box,
          vaults_mumra_chevron_long, hangedman_vaults_corner, vaults_dpeg_hooks,
          vaults_dpeg_ring, hangedman_vaults_maws, v_misc_25,
          layout_vaults_maze_bifur, enter_trove_0

Skill      XL: |  1  2  3  4  5  6  7  8  9 10 11 12 13 14 15 16 17 18 |
---------------+-------------------------------------------------------+-----
Long Blades    | 2 3 4 5 7 9 11 12 14 17 18 19 20 | 20.2
Shields        | 3 4 5 6 8 9 |  9.1
Armour         | 3 4 5 6 7 9 10 11 | 11.4
Fighting       | 4 5 6 7 8 9 10 | 10.6
Invocations    | 3 7 10 11 12 | 12.7
Evocations     | 2 5 7 8 10 11 | 11.9
Dodging        | 2 7 8 9 |  9.8
Translocations | 3 4 |  4.4

Action                   |  1- 3 |  4- 6 |  7- 9 | 10-12 | 13-15 | 16-18 || total
-------------------------+-------+-------+-------+-------+-------+-------++-------
Melee: Long sword        |   145 |   239 |   332 |   250 |  1270 |   882 ||  3118
       Great sword       |       |       |       |    93 |       |       ||    93
       Triple sword      |       |       |       |   220 |       |   272 ||   492
       Scimitar          |       |       |       |     6 |    18 |       ||    24
Throw: Dart              |       |       |     4 |       |     4 |       ||     8
Invok: Finesse           |       |       |       |       |       |     5 ||     5
       Heroism           |       |       |       |       |       |     3 ||     3
Evoke: Wand              |       |       |     2 |       |     3 |     1 ||     6
  Use: Scroll            |     6 |       |     4 |    11 |    19 |    10 ||    50
       Potion            |       |     1 |     1 |     4 |    13 |    19 ||    38
 Stab: Paralysed         |       |       |     5 |       |       |       ||     5
       Petrified         |       |       |       |       |     1 |       ||     1
       Fleeing           |       |       |       |       |       |     1 ||     1
Armor: Scale mail        |    49 |       |       |       |       |       ||    49
       Ring mail         |    11 |   100 |   158 |    13 |       |       ||   282
       Plate armour      |       |       |       |   339 |   594 |   342 ||  1275
       Skin              |       |       |       |     6 |       |       ||     6
Dodge: Dodged            |    62 |   135 |   118 |   187 |   525 |   393 ||  1420
Block: Buckler           |    38 |    66 |    95 |    55 |   550 |     3 ||   807
       Kite shield       |       |       |       |       |       |   667 ||   667
       Reflection        |       |       |       |       |       |    76 ||    76
